 Dungeon Crawl Stone Soup version 0.28.0 (webtiles) character file.

Game seed: 18161186010846595603

296 Peloso the Covered (level 6, 0/53 HPs)
             Began as a Minotaur Fighter on Feb 10, 2022.
             Slain by a two-headed ogre (27 damage)
             ... on level 5 of the Dungeon.
             The game lasted 00:09:43 (3457 turns).

Peloso the Covered (Minotaur Fighter)               Turns: 3457, Time: 00:09:47

Health: 0/53       AC:  7    Str: 21    XL:     6   Next: 12%
Magic:  5/5        EV:  9    Int:  5    God:
Gold:   235        SH: 10    Dex: 11    Spells: 5/5 levels left

rFire   . . .      SeeInvis +   a - +0 long sword (flame)
rCold   . . .      Faith    .   c - +0 buckler
rNeg    . . .      Spirit   .   b - +0 scale mail of the Great Game {SInv}
rPois   .          Reflect  +   (helmet restricted)
rElec   .          Harm     .   (no cloak)
rCorr   .          Rampage  .   (no gloves)
Will    .....                   (no boots)
Stlth   ..........              g - amulet of reflection
HPRegen 0.17/turn               (no ring)
MPRegen 0.09/turn               (no ring)

@: no status effects
A: horns 2, retaliatory headbutt
a: no special abilities


You were on level 5 of the Dungeon.
You visited 1 branch of the dungeon, and saw 5 of its levels.
You also visited: Sewer.

You collected 235 gold pieces.

Inventory:

Hand Weapons
 a - a +0 long sword of flaming (weapon)
Armour
 b - the +0 scale mail of the Great Game (worn) {SInv}
   (You found it on level 4 of the Dungeon)

   SInv:      It lets you see invisible.
 c - a +0 buckler (worn)
 i - a +1 pair of boots
Jewellery
 g - an amulet of reflection (around neck)
Scrolls
 e - a scroll of identify
 l - a scroll of blinking
 m - a scroll of brand weapon
 n - 2 scrolls of noise
 r - a scroll of summoning
Potions
 d - a potion of might
 f - 2 potions of curing
 h - 2 potions of cancellation
 j - a potion of ambrosia
 k - a potion of magic {unknown}
 o - 2 potions of mutation
 p - 2 potions of flight
 t - a potion of haste {unknown}
 u - a potion of attraction {unknown}


   Skills:
 + Level 4.5 Fighting
 + Level 4.7 Long Blades
 + Level 5.2 Armour
 + Level 1.3 Dodging
 + Level 0.5 Stealth
 + Level 4.8 Shields


You had 5 spell levels left.
You didn't know any spells.
Your spell library was empty.

Dungeon Overview and Level Annotations

Branches:
Dungeon (5/15)              Sewer (visited)
 Temple: D:4-7

Altars:
Hepliaklqana
Qazlal
Uskayaw
Wu Jian


Innate Abilities, Weirdness & Mutations

You have a pair of horns on your head.
You reflexively headbutt those who attack you in melee.


Message History

The two-headed ogre shouts in stereo!
You see here a scroll labelled SEALUPOITO.
A two-headed ogre is nearby!
A two-headed ogre is nearby!
As you read the scroll of identify, it crumbles to dust.
j - a potion of ambrosia You hit the two-headed ogre but do no damage.
The two-headed ogre barely misses you. You block the two-headed ogre's attack.
You slash the two-headed ogre! You burn the two-headed ogre.
The two-headed ogre is moderately wounded.
The two-headed ogre barely misses you. x2
You hit the two-headed ogre. You burn the two-headed ogre.
The two-headed ogre is moderately wounded.
The two-headed ogre hits you with a +0 giant club!!
You block the two-headed ogre's attack.
A dart slug comes into view.
You hit the two-headed ogre. You burn the two-headed ogre.
You headbutt the two-headed ogre!
The two-headed ogre is heavily wounded.
You block the two-headed ogre's attack.
The two-headed ogre hits you with a +0 giant club.
You hit the two-headed ogre. You burn the two-headed ogre.
The two-headed ogre is heavily wounded.
You block the two-headed ogre's attack. The two-headed ogre barely misses you.
You barely miss the two-headed ogre.
The two-headed ogre is heavily wounded.
You block the two-headed ogre's attack. x2
You hit the two-headed ogre. You burn the two-headed ogre.
The two-headed ogre is severely wounded.
You barely miss the two-headed ogre.
Your headbutt misses the two-headed ogre.
The two-headed ogre is severely wounded.
The two-headed ogre closely misses you. x2
You hit the two-headed ogre. You burn the two-headed ogre.
You headbutt the two-headed ogre!
The two-headed ogre is almost dead.
A bullfrog zombie comes into view.
The two-headed ogre hits you with a +0 giant club!!
Ouch! That really hurt!
You die...

# . ########## .#
.........# .#####
.........# #......
.........###<......
.................#
.......<@O.w.....+
#########......Z.#
#........#
#..........
#######...# .#.. .
# .


You could see a two-headed ogre, a dart slug and a bullfrog zombie (wandering).

Vanquished Creatures
  A scorpion (D:4)
  A jelly (D:4)
  2 hounds
  3 adders
  A river rat (Sewer)
  An ufetubus (D:4)
  4 worms
  5 dart slugs
  11 ball pythons
  8 endoplasms
  4 giant cockroaches (Sewer)
  4 goblins
  9 hobgoblins
  2 jackals (Sewer)
  6 quokkas
  11 bats
  5 frilled lizards
  5 kobolds
  6 rats
89 creatures vanquished.

Notes
Turn   | Place    | Note
-------+----------+-------------------------------------------
     0 | D:1      | Peloso the Minotaur Fighter began the quest for the Orb.
     0 | D:1      | Reached XP level 1. HP: 19/19 MP: 0/0
   271 | D:1      | Reached XP level 2. HP: 27/27 MP: 1/1
   519 | D:1      | Found a faded altar of an unknown god.
   533 | D:1      | Reached skill level 4 in Armour
   752 | D:2      | Reached XP level 3. HP: 33/33 MP: 2/2
  1190 | D:3      | Found an ornate altar of the Wu Jian Council.
  1343 | D:3      | Reached XP level 4. HP: 30/40 MP: 3/3
  1371 | D:3      | Found a hazy altar of Hepliaklqana.
  1371 | D:3      | Found a stormy altar of Qazlal.
  1644 | D:3      | Found a glowing drain.
  1653 | Sewer    | Entered a sewer
  1964 | Sewer    | Reached XP level 5. HP: 45/47 MP: 4/4
  2064 | Sewer    | Reached skill level 1 in Dodging
  2957 | D:4      | Identified the +0 scale mail of the Great Game {SInv}
  2986 | D:4      | Identified the +3 leather armour of Rutha {Int+5}
  3046 | D:4      | Reached skill level 5 in Armour
  3054 | D:4      | Found a hide-covered altar of Uskayaw.
  3079 | D:4      | Reached XP level 6. HP: 51/53 MP: 5/5
  3436 | D:5      | Entered Level 5 of the Dungeon
  3440 | D:5      | Noticed a two-headed ogre
  3457 | D:5      | Slain by a two-headed ogre

Illustrated notes

Levels and vault maps discovered:
D:1:      mrwooster_arrival_statue_2, layout_basic,
          ebering_ecumenical_altar_hall, minivault_19
D:2:      layout_rooms
D:3:      layout_loops_ring, nicolae_wu_jian_immortal_techniques,
          jmf_multi_god_temple, cheibrodos_sewer_entry_bend
D:4:      layout_basic, mainiacjoe_overflow_concentric_impassable
D:5:      layout_basic, minmay_temple_entry_sparse_star, minmay_hedge_maze,
          nicolae_shop_gadgets, uniq_grinder

Skill      XL: |  1  2  3  4  5 |
---------------+----------------+-----
Fighting       | 4 |  4.5
Armour         | 4 5 |  5.2
Long Blades    | 3 4 |  4.7
Shields        | 4 |  4.8
Dodging        | 1 |  1.3
Stealth        | |  0.5

Action                   |  1- 3 |  4- 6 || total
-------------------------+-------+-------++-------
Melee: Long sword        |    82 |   118 ||   200
       Headbutt          |    19 |    16 ||    35
  Use: Scroll            |     2 |     8 ||    10
       Potion            |       |     3 ||     3
Armor: Scale mail        |    38 |    42 ||    80
Dodge: Dodged            |    43 |    47 ||    90
Block: Buckler           |    25 |    71 ||    96
